 Dungeon Crawl Stone Soup version 0.28.0-53-g5a82cb258f (webtiles) character file.

Game seed: 5777803553228400247

210 SanguineChosen the Cudgeller (level 5, -4/34 HPs)
             Began as a Gargoyle Monk on June 28, 2022.
             Was a Priest of Makhleb.
             Splashed by Ijyb the jelly's acid (8 damage)
             ... on level 4 of the Dungeon.
             The game lasted 00:16:39 (3448 turns).

SanguineChosen the Cudgeller (Gargoyle Monk)        Turns: 3448, Time: 00:16:41

Health: -4/34      AC:  1    Str: 17    XL:     5   Next: 87%
Magic:  5/5        EV: 12    Int: 10    God:    Makhleb [***...]
Gold:   137        SH:  0    Dex: 12    Spells: 4/4 levels left

rFire   . . .      SeeInvis .   a - +0 mace
rCold   . . .      Faith    .   (no shield)
rNeg    + . .      Spirit   .   d - +0 leather armour
rPois   ∞          Reflect  .   o - +0 helmet
rElec   +          Harm     .   (no cloak)
rCorr   .          Rampage  .   n - +0 pair of gloves
Will    .....                   (no boots)
Stlth   ++........              (no amulet)
HPRegen 0.11/turn               (no ring)
MPRegen 0.09/turn               (no ring)

@: corroded
A: sickness immunity, AC +4, negative energy resistance 1, electricity
resistance, torment resistance 1, petrification resistance
a: Renounce Religion, Minor Destruction, Lesser Servant of Makhleb


You were on level 4 of the Dungeon.
You worshipped Makhleb.
Makhleb was most pleased with you.
You visited 1 branch of the dungeon, and saw 4 of its levels.

You collected 137 gold pieces.

Inventory:

Hand Weapons
 a - a +0 mace (weapon)
Missiles
 c - 13 poisoned darts (quivered)
 t - 4 curare-tipped darts
Armour
 b - a +0 robe
 d - a +0 leather armour (worn)
 n - a +0 pair of gloves (worn)
 o - a +0 helmet (worn)
Magical Staves
 k - a staff of earth
 u - a staff of poison
Wands
 g - a wand of polymorph (8)
Scrolls
 e - 3 scrolls of identify {unknown}
 f - a scroll of immolation {unknown}
 h - 3 scrolls of amnesia {unknown}
 i - a scroll of noise {unknown}
 j - 2 scrolls of fog {unknown}
 r - a scroll of teleportation {unknown}
Potions
 l - a potion of haste {unknown}
 m - a potion of brilliance {unknown}
 p - a potion of lignification {unknown}
 s - a potion of resistance {unknown}


   Skills:
 + Level 4.4 Fighting
 + Level 4.6 Maces & Flails
 + Level 0.2 Throwing
 + Level 2.1 Armour
 + Level 2.7 Dodging
 + Level 3.0 Stealth


You had 4 spell levels left.
You didn't know any spells.
Your spell library contained the following spells:

 Spells                   Type           Power      Damage    Failure   Level
 Ensorcelled Hibernation  Hex/Ice        0%         N/A       56%         2
 Passwall                 Tmut/Erth      0%         N/A       56%         2
 Swiftness                Air            0%         N/A       80%         3


Dungeon Overview and Level Annotations

Branches:
Dungeon (4/15)
 Temple: D:4-7

Altars:
Makhleb

Annotations:
D:4 Ijyb


Innate Abilities, Weirdness & Mutations

You are immune to sickness and miasma.
Your stone body is resilient. (AC +4)
You are immune to poison.
You resist negative energy. (rN+)
You are resistant to electric shocks. (rElec)
You are resistant to unholy torment.
You are immune to petrification.


Message History

Ijyb completely misses you.
You hit Ijyb but do no damage.
Ijyb is lightly wounded.
Ijyb hits you but does no damage.
You hit Ijyb but do no damage.
Ijyb is lightly wounded.
Ijyb barely misses you.
You barely miss Ijyb.
Ijyb is lightly wounded.
Ijyb zaps a wand.
The puff of flame hits you. Ijyb barely misses you.
Aiming: Polymorph
Press: ? - help, Q - select action, (/) - cycle Shift-Dir - straight line, f - Ijyb
Aim: Ijyb, wielding a +0 club, wearing a +0 leather armour and carrying a wand of flame (17) (lightly wounded, will become a jelly, an iguana, or a killer bee, chance to affect: 57%) Ijyb evaporates and reforms as a jelly!
The hobgoblin closely misses you. Ijyb barely misses you.
You hit Ijyb.
Your hands burn!
Ijyb is lightly wounded.
The hobgoblin misses you. Ijyb hits you but does no damage.
You sock Ijyb! The acid corrodes you!
Your hands burn!
Ijyb is almost dead.
The hobgoblin hits you but does no damage.
Ijyb hits you. The acid corrodes you!
You are splashed with acid!
You hit Ijyb but do no damage.
Your hands burn!
Ijyb is almost dead.
The hobgoblin barely misses you. Ijyb barely misses you.
The hobgoblin closely misses you.
You hit Ijyb but do no damage.
Your hands burn!
* * * LOW HITPOINT WARNING * * *
Ijyb is almost dead.
Ijyb completely misses you. The hobgoblin barely misses you.
You feel better. Ijyb hits you.
You are splashed with acid!
* * * LOW HITPOINT WARNING * * *
The hobgoblin hits you but does no damage.
You hit Ijyb but do no damage.
Your hands burn!
* * * LOW HITPOINT WARNING * * *
Ijyb is severely wounded.
Ijyb hits you.
* * * LOW HITPOINT WARNING * * *
You are splashed with acid!
You die...

####....#
.......###########
#...............#
#.....#..........
#................
#.....#..........
#.....g.<........
#..$.#.....(.....
#..).##J@........
#.?..##.........#
#....##.##.######
####.##.. .#
#.###. .# #.. ##.#
##.


You could see Ijyb the jelly and a hobgoblin.

Vanquished Creatures
  A centaur skeleton (D:3)
  An orc wizard (D:3)
  Robin (D:3)
  5 adders
  3 worms
  A dart slug (D:3)
  9 orcs (D:3)
  4 bats
  7 endoplasms
  2 giant cockroaches
  19 goblins
  5 hobgoblins
  3 jackals (D:3)
  A quokka (D:2)
  5 ball pythons
  2 frilled lizards (D:2)
  2 kobolds (D:1)
  5 rats
76 creatures vanquished.

Vanquished Creatures (others)
  2 plants (D:2)
2 creatures vanquished.

Grand Total: 78 creatures vanquished

Notes
Turn   | Place    | Note
-------+----------+-------------------------------------------
     0 | D:1      | SanguineChosen the Gargoyle Monk began the quest for the
                  | Orb.
     0 | D:1      | Reached XP level 1. HP: 14/14 MP: 1/1
   200 | D:1      | Found a faded altar of an unknown god.
   220 | D:1      | Reached XP level 2. HP: 9/19 MP: 2/2
  1276 | D:2      | Reached XP level 3. HP: 23/24 MP: 3/3
  1766 | D:2      | Found a burning altar of Makhleb.
  1798 | D:2      | Became a worshipper of Makhleb the Destroyer
  1798 | D:2      | Reached * piety under Makhleb
  1798 | D:2      | Reached ** piety under Makhleb
  2256 | D:3      | Reached XP level 4. HP: 29/29 MP: 4/4
  2271 | D:3      | Noticed Robin
  2291 | D:3      | Killed Robin
  2292 | D:3      | Reached skill level 1 in Armour
  2582 | D:3      | Reached XP level 5. HP: 16/33 MP: 5/5
  3179 | D:3      | Reached *** piety under Makhleb
  3429 | D:4      | Noticed Ijyb
  3438 | D:4      | Noticed Ijyb
  3438 | D:4      | Ijyb changed into Ijyb the jelly
  3448 | D:4      | Splashed by Ijyb the jelly's acid

Illustrated notes

Levels and vault maps discovered:
D:1:      psy_arrival_terrarium, layout_basic,
          hellmonk_ecumenical_altar_lost_god
D:2:      layout_rooms, basic_altar, guppyfry_early_lair_pool
D:3:      layout_basic, minmay_unequal, uniq_robin
D:4:      layout_rooms, temple_hall, st_stairs_7, minmay_statues_item,
          uniq_pikel, uniq_ijyb, uniq_sigmund

Skill      XL: |  1  2  3  4  5 |
---------------+----------------+-----
Armour         | 1 2 |  2.1
Maces & Flails | 4 |  4.6
Fighting       | 4 |  4.4
Stealth        | 3 |  3.0
Throwing       | |  0.2
Dodging        | |  2.7

Action                   |  1- 3 |  4- 6 || total
-------------------------+-------+-------++-------
Melee: Mace              |    96 |   164 ||   260
       Punch             |       |     2 ||     2
Throw: Dart              |     1 |    10 ||    11
Evoke: Wand              |       |     1 ||     1
  Use: Potion            |     1 |     1 ||     2
 Stab: Sleeping          |     5 |     1 ||     6
Armor: Leather armour    |    33 |    72 ||   105
       Robe              |     2 |       ||     2
       Skin              |     1 |       ||     1
Dodge: Dodged            |    47 |   110 ||   157
